 Dungeon Crawl Stone Soup version 0.30.0-19-g36f170ea60 (webtiles) character file.

Game seed: 10103253009987066416

2681 Irreverend the Slasher (level 9, -8/57 HPs)
             Began as a Gargoyle Fighter on June 2, 2023.
             Was a Follower of Okawaru.
             Mangled by a red ugly thing (23 damage)
             ... on level 7 of the Dungeon.
             The game lasted 00:07:13 (5645 turns).

Irreverend the Slasher (Gargoyle Fighter)           Turns: 5645, Time: 00:07:14

Health: -8/57      AC: 18    Str: 25    XL:     9   Next: 64%
Magic:  8/9        EV: 10    Int:  8    God:    Okawaru [*.....]
Gold:   661        SH:  6    Dex:  9    Spells: 8/8 levels left

rFire   . . .        B - +0 scimitar
rCold   . . .        c - +0 buckler
rNeg    + . .        s - +0 chain mail
rPois   ∞            (no helmet)
rElec   +            (no cloak)
rCorr   .            (no gloves)
SInv    .            (no boots)
Will    .....        k - amulet of regeneration Stlth
                     t - +4 ring of slaying
HPRegen 1.09/turn    (no ring)
MPRegen 0.11/turn

%: no passive effects
@: heroic
A: sickness immunity, AC +6, negative energy resistance 1, electricity
resistance, torment resistance 1, petrification resistance
a: Renounce Religion, Heroism


You were on level 7 of the Dungeon.
You worshipped Okawaru.
Okawaru was aware of your devotion.
You visited 2 branches of the dungeon, and saw 8 of its levels.
You also visited: Ossuary.

You collected 661 gold pieces.

Inventory:

Hand Weapons
 a - a +0 long sword
 B - a +0 scimitar (weapon)
Missiles
 E - 2 throwing nets (quivered)
Armour
 b - a +0 scale mail
 c - a +0 buckler (worn)
 s - a +0 chain mail (worn)
Jewellery
 k - an amulet of regeneration (around neck)
 t - a +4 ring of slaying (left hand)
Scrolls
 f - 6 scrolls of identify {unknown}
 g - 2 scrolls of enchant armour {unknown}
 j - a scroll of magic mapping {unknown}
 m - 2 scrolls of acquirement {unknown}
 o - 3 scrolls of immolation {unknown}
 q - a scroll of fog {unknown}
 r - 6 scrolls of poison {unknown}
 x - a scroll of torment {unknown}
 y - 2 scrolls of teleportation {unknown}
 C - a scroll of noise {unknown}
 D - 2 scrolls of amnesia {unknown}
Potions
 d - 3 potions of might
 e - 4 potions of degeneration {unknown}
 h - 4 potions of magic {unknown}
 i - 4 potions of brilliance {unknown}
 l - 2 potions of lignification {unknown}
 n - 4 potions of cancellation {unknown}
 p - 9 potions of curing {unknown}
 u - 2 potions of mutation {unknown}
 v - 2 potions of ambrosia {unknown}
 w - 2 potions of attraction {unknown}
 z - 3 potions of flight {unknown}
 A - 2 potions of resistance {unknown}
 F - a potion of haste {unknown}
 G - a potion of berserk rage {unknown}


   Skills:
 + Level 7.1(12.1) Fighting
 * Level 7.6(12.6) Long Blades
 + Level 7.1(12.1) Armour
 + Level 7.1(12.1) Shields


You had 8 spell levels left.
You didn't know any spells.
Your spell library contained the following spells:

 Spells                   Type           Power      Damage    Failure   Level
 Apportation              Tloc           0%         N/A       88%         1
 Kiss of Death            Conj/Necr      0%         2d5       88%         1
 Necrotise                Necr           0%         1d4       88%         1
 Momentum Strike          Conj/Tloc      0%         3d8       95%         2
 Dazzling Flash           Conj/Hex       0%         N/A       99%         3
 Ozocubu's Armour         Ice            0%         N/A       99%         3
 Swiftness                Air            0%         N/A       99%         3
 Starburst                Conj/Fire      0%         6d3       100%        6
 Ozocubu's Refrigeration  Ice            0%         4d7       100%        7
 Summon Small Mammal      Summ           Unusable   N/A       N/A         1

Dungeon Overview and Level Annotations

Branches:
Dungeon (7/15)             Temple (1/1) D:5         Ossuary (visited)

Altars:
Ashenzari
Cheibriados
Dithmenos
Elyvilon
Gozag
Hepliaklqana
Kikubaaqudgha
Nemelex Xobeh
Okawaru
Ru
Sif Muna
Trog
Uskayaw
Vehumet
Xom
Yredelemnul
The Shining One


Innate Abilities, Weirdness & Mutations

You are immune to sickness and miasma.
Your stone body is resilient. (AC +6)
You are immune to poison.
You resist negative energy. (rN+)
You are resistant to electric shocks. (rElec)
You are resistant to unholy torment.
You are immune to petrification.


Message History

The red ugly thing barely misses you.
You barely miss the red ugly thing.
The red ugly thing is moderately wounded.
The red ugly thing barely misses you.
You slash the red ugly thing!
The red ugly thing is moderately wounded.
The red ugly thing headbutts you but does no damage.
You slash the red ugly thing!
The red ugly thing is heavily wounded.
You hit the red ugly thing.
The red ugly thing is heavily wounded.
The red ugly thing headbutts you!
You are engulfed in flames!
You are too injured to fight recklessly!
You are too injured to fight recklessly!
You are too injured to fight recklessly!
You are too injured to fight recklessly!
You are too injured to fight recklessly!
You are too injured to fight recklessly!
You are too injured to fight recklessly!
You are too injured to fight recklessly!
You are too injured to fight recklessly!
You are too injured to fight recklessly!
You are too injured to fight recklessly!
You are too injured to fight recklessly!
You are too injured to fight recklessly!
You are too injured to fight recklessly!
You are too injured to fight recklessly!
You are too injured to fight recklessly!
You are too injured to fight recklessly!
You are too injured to fight recklessly!
You are too injured to fight recklessly!
You hit the red ugly thing but do no damage.
The red ugly thing is heavily wounded.
The red ugly thing misses you.
You hit the red ugly thing.
The red ugly thing is heavily wounded.
The red ugly thing headbutts you!
* * * LOW HITPOINT WARNING * * *
You are engulfed in flames!!
You die...

#.# #.###.>...
#.# #.........
####.###.........
#................
####.###..##.###.
#.# #..# .# #.#
#..# # #.# #..#
#@# #..#
#.u......
#####..## #


You could see a red ugly thing.

Vanquished Creatures
  Pikel (D:4)
  A cyclops (D:7)
  A steam dragon (D:7)
  2 ice beasts (D:6)
  2 ogres
  A black bear (D:4)
  2 centaurs (D:5)
  A phantom (D:4)
  3 scorpions
  2 wights (D:7)
  A howler monkey (D:7)
  An orc priest (D:5)
  A hound (D:4)
  A jelly (D:6)
  2 iguanas
  10 orc wizards
  9 mummies
  4 gnolls (D:7)
  8 adders
  2 white imps
  An ufetubus (D:6)
  A worm (D:3)
  2 dart slugs
  24 orcs
  10 ball pythons
  5 endoplasms
  6 giant cockroaches
  A gnoll zombie (Ossuary)
  4 goblins (D:1)
  6 hobgoblins
  6 jackals (D:1)
  7 kobolds
  7 quokkas
  A bat (D:1)
  2 frilled lizards (D:1)
  4 hobgoblin zombies
  A kobold zombie (Ossuary)
  3 orc zombies (Ossuary)
  6 rats
152 creatures vanquished.

Notes
Turn   | Place    | Note
-------+----------+-------------------------------------------
     0 | D:1      | Irreverend the Gargoyle Fighter began the quest for the
                  | Orb.
     0 | D:1      | Reached XP level 1. HP: 14/14 MP: 1/1
    65 | D:1      | Reached XP level 2. HP: 17/19 MP: 2/2
   322 | D:1      | Reached XP level 3. HP: 12/23 MP: 3/3
   694 | D:1      | You fall into a shaft and drop 1 floor!
  1528 | D:2      | Reached XP level 4. HP: 29/29 MP: 4/4
  2191 | D:3      | Reached XP level 5. HP: 32/33 MP: 5/5
  2438 | D:3      | Noticed an ogre
  2448 | D:3      | Killed an ogre
  2705 | D:4      | Reached XP level 6. HP: 31/38 MP: 6/6
  2728 | D:4      | Noticed Pikel
  2745 | D:4      | Killed Pikel
  2746 | D:4      | Reached skill level 5 in Fighting
  2746 | D:4      | Reached skill level 5 in Long Blades
  2746 | D:4      | Reached skill level 5 in Armour
  2746 | D:4      | Reached skill level 5 in Shields
  2746 | D:4      | Reached XP level 7. HP: 32/44 MP: 7/7
  3136 | D:4      | Reached XP level 8. HP: 49/49 MP: 8/8
  3594 | D:5      | Entered Level 5 of the Dungeon
  3627 | D:5      | Found a staircase to the Ecumenical Temple.
  3660 | Temple   | Entered the Ecumenical Temple
  3680 | Temple   | Became a worshipper of Warmaster Okawaru
  3785 | D:5      | Found a basalt altar of Yredelemnul.
  4122 | D:5      | Got the Omnibus of Floating Destruction
  4570 | D:6      | Found a radiant altar of Vehumet.
  4610 | D:6      | Reached * piety under Okawaru
  4650 | D:6      | Got Vehumet's Codex of Bombardment
  4657 | D:6      | Found an ancient bone altar of Kikubaaqudgha.
  4675 | D:6      | Found a shimmering blue altar of Sif Muna.
  4762 | D:6      | Reached XP level 9. HP: 56/56 MP: 9/9
  4847 | D:6      | Found a hazy altar of Hepliaklqana.
  4927 | D:7      | Noticed a cyclops
  4947 | D:7      | Killed a cyclops
  5055 | D:7      | Reached ** piety under Okawaru
  5314 | D:7      | Found a sand-covered staircase.
  5320 | Ossuary  | Entered an ossuary
  5634 | D:7      | Noticed a red ugly thing
  5645 | D:7      | Mangled by a red ugly thing

Illustrated notes

Levels and vault maps discovered:
D:1:      dpeg_arrival_simpleton_a, layout_basic
D:2:      layout_basic, serial_park_tiny_2
D:3:      kennysheep_big_flooded_room, layout_loops_ring
D:4:      layout_basic, minmay_diced_spiral, uniq_pikel
D:5:      layout_loops_ring, general_overflow_altar,
          minmay_temple_entry_proselytizer
D:6:      layout_rooms, palyth_temple_overflow_mages,
          worldfamousw_hep_ancestral_shrine
D:7:      minmay_chambers_of_sixes, layout_basic, nicolae_ossuary_entry_giza,
          dk_vineyard_1, kennysheep_opposing_triangles
Temple:   hellmonk_temple_two_chambers

Skill      XL: |  1  2  3  4  5  6  7  8  9 |
---------------+----------------------------+-----
Long Blades    | 2 3 5 6 7 |  7.6
Shields        | 4 5 6 7 |  7.1
Fighting       | 4 5 6 7 |  7.1
Armour         | 4 5 6 7 |  7.1

Action                     |  1- 3 |  4- 6 |  7- 9 || total
---------------------------+-------+-------+-------++-------
  Melee: Long sword        |   172 |   138 |   129 ||   439
         Scimitar          |       |       |   254 ||   254
 Invoke: Heroism           |       |       |     2 ||     2
    Use: Potion            |       |     2 |       ||     2
 Armour: Scale mail        |   118 |    15 |       ||   133
         Chain mail        |       |    48 |   302 ||   350
  Dodge: Dodged            |   109 |    68 |   157 ||   334
  Block: Buckler           |    53 |    33 |    89 ||   175
